MID
LAKE COUNTY CAPTAINS @ BELOIT SNAPPERS
05/16/2099
 
TOP OF THE 1ST
Lake County Captains batting - Pitching for Beloit Snappers : RHP Malik Olds
Pitching: RHP Malik Olds
Batting: RHB Ralph Monti 0-0: Bunt missed!
0-1: Ball
1-1: Called Strike
1-2: Strikes out swinging
Batting: SHB Collin Hays 0-0: Ball
1-0: Ball
2-0: Called Strike
2-1: Foul Ball, location: 5SF
2-2: Strikes out looking
Batting: RHB Justin Stevenson 0-0: Ball
1-0: Swinging Strike
1-1: Called Strike
1-2: Ball
2-2: Foul Ball, location: 2F
2-2: Foul Ball, location: 2F
2-2: Ball
3-2: Base on Balls
Batting: LHB Matt Beard 0-0: Called Strike
0-1: Ball
Justin Stevenson steals 2nd base
1-1: Ball
2-1: SINGLE (Line Drive, 78S, EV 99.4 MPH)
Justin Stevenson to third
Runner from 3rd tries for Home, SAFE, throw by LF to home
Batting: RHB Jonathan Stewart 0-0: Ball
1-0: Ball
2-0: Called Strike
2-1: Ground out 4-3 (Groundball, 4, EV 86.3 MPH)
Top of the 1st over - 1 run, 1 hit, 0 errors, 1 left on base; Lake County 1 - Beloit 0
BOTTOM OF THE 1ST
Beloit Snappers batting - Pitching for Lake County Captains : RHP Steve Ardan
Pitching: RHP Steve Ardan
Batting: LHB Craig Svare 0-0: Swinging Strike
0-1: Ball
1-1: Foul Ball, location: 7LMF
1-2: Ground out U3 (Groundball, 34S, EV 86.3 MPH)
Batting: LHB Chris Taylor 0-0: Ball
1-0: Ground out 6-3 (Groundball, P, EV 85.6 MPH)
Batting: SHB Keith Lirette 0-0: Ball
1-0: Ball
2-0: Called Strike
2-1: Ball
3-1: Called Strike
3-2: Strikes out swinging
Bottom of the 1st over - 0 runs, 0 hits, 0 errors, 0 left on base; Lake County 1 - Beloit 0
TOP OF THE 2ND
Lake County Captains batting - Pitching for Beloit Snappers : RHP Malik Olds
Batting: RHB Alex Avitia 0-0: Ground out 6-3 (Groundball, 6, EV 105.6 MPH)
Batting: LHB Sam Klooster 0-0: Ball
1-0: Called Strike
1-1: Foul Ball, location: 9LDF
1-2: Strikes out looking
Batting: RHB Jesus Sanchez 0-0: Ball
1-0: Ball
2-0: Called Strike
2-1: Called Strike
2-2: Ball
3-2: Strikes out swinging
Top of the 2nd over - 0 runs, 0 hits, 0 errors, 0 left on base; Lake County 1 - Beloit 0
BOTTOM OF THE 2ND
Beloit Snappers batting - Pitching for Lake County Captains : RHP Steve Ardan
Batting: RHB David Salinas 0-0: Called Strike
0-1: Ball
1-1: Swinging Strike
1-2: Ground out 3-1 (Groundball, 34, EV 104.4 MPH)
Batting: RHB Curt Lowery 0-0: Called Strike
0-1: Ball
1-1: Ball
2-1: Swinging Strike
2-2: SINGLE (Groundball, 4MD, EV 106.9 MPH)
Batting: SHB Dave Feltham 0-0: Called Strike
0-1: Ball
1-1: Fly out, F7 (Flyball, 7LM, EV 91.3 MPH)
Batting: RHB Matt Winston 0-0: Ball
1-0: Ball
2-0: Ball
3-0: Called Strike
3-1: Fielders Choice at 2nd, 5-4 (Groundball, 5, EV 103.1 MPH)
Bottom of the 2nd over - 0 runs, 1 hit, 0 errors, 1 left on base; Lake County 1 - Beloit 0
TOP OF THE 3RD
Lake County Captains batting - Pitching for Beloit Snappers : RHP Malik Olds
Batting: RHB Chad Black 0-0: Called Strike
0-1: Called Strike
0-2: Ball
1-2: Ball
2-2: Ball
3-2: Base on Balls
Batting: RHB Ralph Monti 0-0: Called Strike
0-1: Sac Bunt to 2R - play at first, batter OUT! 2-3
Chad Black to second
Batting: SHB Collin Hays 0-0: Foul Ball, location: 2F
0-1: Ball
1-1: Called Strike
1-2: Ball
2-2: Ball
3-2: Base on Balls
Batting: RHB Justin Stevenson 0-0: Ball
1-0: Foul Ball, location: 9LSF
1-1: Swinging Strike
1-2: Strikes out looking
Batting: LHB Matt Beard 0-0: Called Strike
0-1: Ball
1-1: Ball
2-1: Swinging Strike
2-2: Foul Ball, location: 7LDF
2-2: Strikes out swinging
Top of the 3rd over - 0 runs, 0 hits, 0 errors, 2 left on base; Lake County 1 - Beloit 0
BOTTOM OF THE 3RD
Beloit Snappers batting - Pitching for Lake County Captains : RHP Steve Ardan
Batting: RHB Brett Sarrica 0-0: Foul Ball, location: 9LSF
0-1: Ball
1-1: Called Strike
1-2: Strikes out swinging
Batting: RHB Kyle Lembcke 0-0: Called Strike
0-1: Ball
1-1: Foul Ball, location: 9LSF
1-2: Ball
2-2: SINGLE (Groundball, 4MD, EV 106.9 MPH)
Batting: LHB Craig Svare 0-0: Foul Ball, location: 3SF
0-1: Ball
1-1: Ball
2-1: Swinging Strike
2-2: Ball
3-2: Base on Balls
Kyle Lembcke to second
Batting: LHB Chris Taylor 0-0: Ball
1-0: SINGLE (Groundball, 2L, EV 73.1 MPH) (infield hit)
Kyle Lembcke to third
Craig Svare to second
Batting: SHB Keith Lirette 0-0: Called Strike
0-1: Ground out 6-3 (Groundball, 6MD, EV 108.1 MPH)
Kyle Lembcke scores
Craig Svare to third
Chris Taylor to second
Batting: RHB David Salinas 0-0: Fly out, F9 (Flyball, 9LS, EV 81.3 MPH)
Bottom of the 3rd over - 1 run, 2 hits, 0 errors, 2 left on base; Lake County 1 - Beloit 1
TOP OF THE 4TH
Lake County Captains batting - Pitching for Beloit Snappers : RHP Malik Olds
Batting: RHB Jonathan Stewart 0-0: Foul Ball, location: 25FF
0-1: Foul Ball, location: 2F
0-2: DOUBLE (Groundball, 5L, EV 96.9 MPH)
Batting: RHB Alex Avitia 0-0: Called Strike
0-1: SINGLE (Line Drive, 34D, EV 102.5 MPH)
Jonathan Stewart to third
Runner from 3rd tries for Home, SAFE, throw by RF to home
Alex Avitia to second
Batting: LHB Sam Klooster 0-0: Foul Ball, location: 3F
0-1: Fly out, F8 (Flyball, 8LXD, EV 90.0 MPH)
Runner from 2nd tags up, SAFE at 3rd, no throw by CF
Batting: RHB Jesus Sanchez 0-0: Ball
1-0: Ball
2-0: Called Strike
2-1: Called Strike
2-2: Ground out 5-3 (Groundball, 56, EV 88.1 MPH)
Alex Avitia scores
Batting: RHB Chad Black 0-0: Ball
1-0: Swinging Strike
1-1: Called Strike
1-2: Fly out, F9 (Flyball, 9, EV 86.3 MPH)
Top of the 4th over - 2 runs, 2 hits, 0 errors, 0 left on base; Lake County 3 - Beloit 1
BOTTOM OF THE 4TH
Beloit Snappers batting - Pitching for Lake County Captains : RHP Steve Ardan
Batting: RHB Curt Lowery 0-0: Ball
1-0: Called Strike
1-1: Called Strike
1-2: Foul Ball, location: 9LDF
1-2: Ball
2-2: Fly out, F9 (Flyball, 89S, EV 87.5 MPH)
Batting: SHB Dave Feltham 0-0: Called Strike
0-1: Swinging Strike
0-2: SINGLE (Line Drive, 34, EV 100.0 MPH)
Batting: RHB Matt Winston 0-0: Called Strike
0-1: Foul Ball, location: 7LDF
0-2: Ball
1-2: Foul Ball, location: 3SF
1-2: Fly out, F8 (Line Drive, 8RD, EV 93.1 MPH)
Batting: RHB Brett Sarrica 0-0: Called Strike
Dave Feltham steals 2nd base
0-1: Ground out 6-3 (Groundball, 6, EV 91.3 MPH)
Bottom of the 4th over - 0 runs, 1 hit, 0 errors, 1 left on base; Lake County 3 - Beloit 1
TOP OF THE 5TH
Lake County Captains batting - Pitching for Beloit Snappers : RHP Malik Olds
Batting: RHB Ralph Monti 0-0: Called Strike
0-1: Foul Ball, location: 9LMF
0-2: Ball
1-2: Strikes out swinging
Batting: SHB Collin Hays 0-0: Called Strike
0-1: Foul Ball, location: 9LMF
0-2: Ball
1-2: Ground out 4-3 (Groundball, 4, EV 80.6 MPH)
Batting: RHB Justin Stevenson 0-0: Foul Ball, location: 2F
0-1: Swinging Strike
0-2: Ball
1-2: Ball
2-2: Ground out 5-3 (Groundball, 5, EV 87.5 MPH)
Top of the 5th over - 0 runs, 0 hits, 0 errors, 0 left on base; Lake County 3 - Beloit 1
BOTTOM OF THE 5TH
Beloit Snappers batting - Pitching for Lake County Captains : RHP Steve Ardan
Batting: RHB Kyle Lembcke 0-0: Ball
1-0: Foul Ball, location: 2F
1-1: Called Strike
1-2: Ball
2-2: Strikes out swinging
Batting: LHB Craig Svare 0-0: Fly out, F9 (Flyball, 9, EV 88.8 MPH)
Batting: LHB Chris Taylor 0-0: Ball
1-0: Ball
2-0: Foul Ball, location: 7LMF
2-1: Foul Ball, location: 3FF
2-2: Ball
3-2: Strikes out looking
Bottom of the 5th over - 0 runs, 0 hits, 0 errors, 0 left on base; Lake County 3 - Beloit 1
TOP OF THE 6TH
Lake County Captains batting - Pitching for Beloit Snappers : RHP Malik Olds
Batting: LHB Matt Beard 0-0: Ball
1-0: Ball
2-0: Ball
3-0: Called Strike
3-1: Foul Ball, location: 3F
3-2: Base on Balls
Pitching: LHP Josh Murray
Batting: RHB Jonathan Stewart 0-0: Called Strike
0-1: Ball
1-1: Swinging Strike
1-2: Fly out, F4 (Popup, 4S, EV 66.9 MPH)
Batting: RHB Alex Avitia 0-0: Fly out, F5 (Popup, 5SF, EV 86.9 MPH)
Batting: RHB Josh Gillard 0-0: Ball
1-0: Ball
2-0: Swinging Strike
2-1: Ball
3-1: Called Strike
3-2: Base on Balls
Matt Beard to second
Batting: RHB Jesus Sanchez 0-0: Ball
1-0: Foul Ball, location: 2F
1-1: Ground out 5-3 (Groundball, 56S, EV 83.1 MPH)
Top of the 6th over - 0 runs, 0 hits, 0 errors, 2 left on base; Lake County 3 - Beloit 1
BOTTOM OF THE 6TH
Beloit Snappers batting - Pitching for Lake County Captains : RHP Steve Ardan
Batting: SHB Keith Lirette 0-0: Swinging Strike
0-1: Called Strike
0-2: Strikes out swinging
Batting: RHB David Salinas 0-0: DOUBLE (Line Drive, 78XD, EV 105.0 MPH)
Batting: RHB Curt Lowery 0-0: Ball
1-0: Called Strike
1-1: Swinging Strike
1-2: Ball
2-2: Strikes out swinging
Batting: SHB Dave Feltham 0-0: Called Strike
0-1: Foul Ball, location: 2LF
0-2: Ball
1-2: Foul Ball, location: 2F
1-2: Ground out 6-3 (Groundball, 6, EV 85.6 MPH)
Bottom of the 6th over - 0 runs, 1 hit, 0 errors, 1 left on base; Lake County 3 - Beloit 1
TOP OF THE 7TH
Lake County Captains batting - Pitching for Beloit Snappers : LHP Josh Murray
Batting: RHB Chad Black 0-0: Ball
1-0: Foul Ball, location: 9LSF
1-1: Ground out 5-3 (Groundball, 5S, EV 80.0 MPH)
Batting: RHB Ralph Monti 0-0: Called Strike
0-1: Ball
1-1: Ball
2-1: Ball
3-1: Base on Balls
Batting: SHB Collin Hays 0-0: Called Strike
0-1: Ball
1-1: Ball
Wild Pitch!
Ralph Monti to second
2-1: Ground out 5-3 (Groundball, 56S, EV 86.9 MPH)
Ralph Monti to third
Batting: RHB Justin Stevenson 0-0: Ball
1-0: Called Strike
1-1: Ball
2-1: SINGLE (Line Drive, 89S, EV 97.5 MPH)
Ralph Monti scores
Batting: LHB Matt Beard 0-0: Ball
1-0: Swinging Strike
1-1: Ball
2-1: Ball
3-1: Base on Balls
Justin Stevenson to second
Pitching: RHP Kevin Ewing
Batting: RHB Jonathan Stewart 0-0: Called Strike
0-1: Ball
1-1: DOUBLE (Groundball, 5L, EV 102.5 MPH)
Justin Stevenson scores
Matt Beard to third
Batting: RHB Alex Avitia 0-0: Ball
1-0: Fly out, F3 (Popup, 3F, EV 71.9 MPH)
Top of the 7th over - 2 runs, 2 hits, 0 errors, 2 left on base; Lake County 5 - Beloit 1
BOTTOM OF THE 7TH
Beloit Snappers batting - Pitching for Lake County Captains : RHP Steve Ardan
Batting: RHB Matt Winston 0-0: Ball
1-0: Fly out, F7 (Flyball, 78M, EV 99.4 MPH)
Batting: RHB Brett Sarrica 0-0: Called Strike
0-1: Ball
1-1: Swinging Strike
1-2: Foul Ball, location: 9LDF
1-2: Foul Ball, location: 2F
1-2: Foul Ball, location: 2F
1-2: Foul Ball, location: 2F
1-2: Ball
2-2: Ball
3-2: Foul Ball, location: 9LMF
3-2: Base on Balls
Batting: RHB Kyle Lembcke 0-0: Fly out, F8 (Flyball, 78D, EV 75.6 MPH)
Batting: LHB Craig Svare 0-0: Ball
1-0: Ball
2-0: Ball
3-0: Called Strike
3-1: Foul Ball, location: 9LSF
3-2: Foul Ball, location: 7LSF
3-2: Foul Ball, location: 2F
3-2: Base on Balls
Brett Sarrica to second
Batting: LHB Chris Taylor 0-0: Called Strike
0-1: Ball
1-1: Called Strike
1-2: Ball
2-2: Strikes out swinging
Bottom of the 7th over - 0 runs, 0 hits, 0 errors, 2 left on base; Lake County 5 - Beloit 1
TOP OF THE 8TH
Lake County Captains batting - Pitching for Beloit Snappers : RHP Kevin Ewing
Batting: RHB Josh Gillard 0-0: Ball
1-0: Ball
2-0: Foul Ball, location: 2F
2-1: Foul Ball, location: 9LSF
2-2: Ball
3-2: Fly out, F9 (Flyball, 9D, EV 90.0 MPH)
Batting: RHB Jesus Sanchez 0-0: Foul Ball, location: 9LMF
0-1: Ball
1-1: Ball
2-1: Called Strike
2-2: Ball
3-2: Ground out 1-3 (Groundball, 13S, EV 71.9 MPH)
Batting: RHB Chad Black 0-0: Fly out, F7 (Flyball, 7LD, EV 93.1 MPH)
Top of the 8th over - 0 runs, 0 hits, 0 errors, 0 left on base; Lake County 5 - Beloit 1
BOTTOM OF THE 8TH
Beloit Snappers batting - Pitching for Lake County Captains : RHP Steve Ardan
Batting: SHB Keith Lirette 0-0: Foul Ball, location: 7LDF
0-1: Foul Ball, location: 7LDF
0-2: Foul Ball, location: 2F
0-2: Fly out, F4 (Popup, 34S, EV 73.8 MPH)
Pinch Hitting: LHB Andres Rivera 0-0: Ball
1-0: Foul Ball, location: 3F
1-1: Ball
2-1: Ground out 6-3 (Groundball, P, EV 92.5 MPH)
Batting: RHB Curt Lowery 0-0: Ball
1-0: Fly out, F7 (Flyball, 7LS, EV 98.8 MPH)
Bottom of the 8th over - 0 runs, 0 hits, 0 errors, 0 left on base; Lake County 5 - Beloit 1
TOP OF THE 9TH
Lake County Captains batting - Pitching for Beloit Snappers : RHP Kevin Ewing
Now at 2B: Andres Rivera
Batting: RHB Ralph Monti 0-0: Called Strike
0-1: Fly out, F9 (Line Drive, 9, EV 88.1 MPH)
Batting: SHB Collin Hays 0-0: Called Strike
0-1: Foul Ball, location: 7LDF
0-2: Foul Ball, location: 23FF
0-2: Foul Ball, location: 7LMF
0-2: Ball
1-2: Strikes out looking
Batting: RHB Justin Stevenson 0-0: Called Strike
0-1: Foul Ball, location: 2F
0-2: Strikes out swinging
Top of the 9th over - 0 runs, 0 hits, 0 errors, 0 left on base; Lake County 5 - Beloit 1
BOTTOM OF THE 9TH
Beloit Snappers batting - Pitching for Lake County Captains : RHP Steve Ardan
Batting: SHB Dave Feltham 0-0: Called Strike
0-1: Swinging Strike
0-2: Fly out, F3 (Line Drive, 3L, EV 76.9 MPH)
Batting: RHB Matt Winston 0-0: SINGLE (Line Drive, 89S, EV 103.1 MPH)
Batting: RHB Brett Sarrica 0-0: Called Strike
0-1: Foul Ball, location: 3F
0-2: Strikes out looking
Pinch Hitting: LHB Brian Phillips 0-0: Ground out 4-3 (Groundball, 4, EV 84.4 MPH)
Bottom of the 9th over - 0 runs, 1 hit, 0 errors, 1 left on base; Lake County 5 - Beloit 1
Monday, May 6th , 2024 - OOTP Baseball 24.11 Build 85